[ AOE2 MATCH · #470915550 ]
UnrankedAztecs vs Byzantines
[ REPLAY ANALYSIS · EXTRACTED FROM THE RECORDED GAME ]
Feudal
—
Castle
—
Imperial
—
| APM avg | 6.4 |
| APM peak | 8 |
| eAPM avg | 5.3 |
| Villagers / military | 6 / 0 |
Focus
⚔️ 0.0% · 🌾 100.0%
Feudal
—
Castle
—
Imperial
—
| APM avg | 11.5 |
| APM peak | 20 |
| eAPM avg | 7.1 |
| Villagers / military | 11 / 0 |
Focus
⚔️ 0.0% · 🌾 100.0%
Feudal
—
Castle
—
Imperial
—
| APM avg | 17.3 |
| APM peak | 21 |
| eAPM avg | 10.0 |
| Villagers / military | 17 / 0 |
Focus
⚔️ 3.1% · 🌾 96.9%
Feudal
—
Castle
—
Imperial
—
| APM avg | 15.8 |
| APM peak | 26 |
| eAPM avg | 7.8 |
| Villagers / military | 4 / 0 |
Focus
⚔️ 11.8% · 🌾 88.2%
Feudal
—
Castle
—
Imperial
—
| APM avg | 28.9 |
| APM peak | 36 |
| eAPM avg | 12.4 |
| Villagers / military | 15 / 0 |
Focus
⚔️ 12.5% · 🌾 87.5%
Feudal
—
Castle
—
Imperial
—
| APM avg | 6.2 |
| APM peak | 11 |
| eAPM avg | 5.3 |
| Villagers / military | 6 / 0 |
Focus
⚔️ 0.0% · 🌾 100.0%
Feudal
—
Castle
—
Imperial
—
| APM avg | 16.7 |
| APM peak | 28 |
| eAPM avg | 8.0 |
| Villagers / military | 6 / 0 |
Focus
⚔️ 14.3% · 🌾 85.7%
Feudal
—
Castle
—
Imperial
—
| APM avg | 6.9 |
| APM peak | 28 |
| eAPM avg | 3.6 |
| Villagers / military | 2 / 0 |
Focus
⚔️ 0.0% · 🌾 100.0%
Match map
Initial resources + every placement click. Lines = walls · curves = elevation contours. ◆ gold · ⬟ stone · ● berries · ✦ relic · ◌ wall gap
Inputs per minute
— delibando - - antoniodt
Build order — delibando
9 actions detected in the replay
| 0:13 | Create | Villager (Male) |
| 0:14 | Create | Villager (Male) |
| 0:22 | Build | House |
| 1:04 | Build | House |
| 1:11 | Create | Villager (Male) |
| 1:14 | Create | Villager (Male) |
| 2:05 | Build | Mill |
| 2:43 | Create | Villager (Male) |
| 2:43 | Create | Villager (Male) |
Build order — antoniodt
11 actions detected in the replay
| 0:05 | Research | Loom |
| 0:06 | Create | Villager (Male) ×4 |
| 0:08 | Build | House |
| 0:10 | Build | House |
| 0:14 | Build | House |
| 1:35 | Create | Villager (Male) |
| 2:26 | Create | Villager (Male) ×2 |
| 2:55 | Create | Villager (Male) |
| 3:02 | Create | Villager (Male) |
| 3:52 | Create | Villager (Male) |
| 4:26 | Create | Villager (Male) |
Build order — gchainessd
15 actions detected in the replay
| 0:02 | Create | Villager (Male) ×4 |
| 0:02 | Create | Villager (Male) ×4 |
| 0:04 | Build | House |
| 0:06 | Build | House |
| 1:31 | Create | Villager (Male) |
| 1:31 | Create | Villager (Male) |
| 2:11 | Create | Villager (Male) |
| 2:11 | Create | Villager (Male) |
| 2:36 | Create | Villager (Male) |
| 2:36 | Create | Villager (Male) |
| 2:42 | Build | Lumber Camp |
| 3:28 | Research | Loom |
| 3:38 | Create | Villager (Male) |
| 3:39 | Create | Villager (Male) |
| 3:39 | Create | Villager (Male) |
Build order — Sacalillo
8 actions detected in the replay
| 0:24 | Research | Loom |
| 0:28 | Create | Villager (Male) |
| 0:44 | Create | Villager (Male) |
| 0:44 | Create | Villager (Male) |
| 0:45 | Create | Villager (Male) |
| 1:19 | Build | House |
| 1:21 | Build | House |
| 1:43 | Build | Palisade Wall |
Build order — unknown
20 actions detected in the replay
| 0:04 | Create | Villager (Male) |
| 0:05 | Create | Villager (Male) |
| 0:05 | Create | Villager (Male) |
| 0:07 | Build | House |
| 0:10 | Build | House |
| 0:11 | Create | Villager (Male) |
| 0:56 | Build | Palisade Wall |
| 1:03 | Create | Villager (Male) |
| 1:03 | Create | Villager (Male) |
| 1:03 | Create | Villager (Male) |
| 1:26 | Research | Loom |
| 1:31 | Create | Villager (Male) |
| 1:31 | Create | Villager (Male) |
| 1:32 | Create | Villager (Male) |
| 1:44 | Create | Villager (Male) |
| 2:25 | Create | Villager (Male) |
| 2:25 | Create | Villager (Male) |
| 3:18 | Build | Palisade Wall |
| 3:24 | Create | Villager (Male) |
| 3:50 | Create | Villager (Male) |
Build order — simonerossetto
9 actions detected in the replay
| 0:43 | Create | Villager (Male) |
| 1:31 | Build | House |
| 1:39 | Build | House |
| 2:12 | Create | Villager (Male) |
| 2:14 | Create | Villager (Male) |
| 2:14 | Create | Villager (Male) |
| 2:15 | Create | Villager (Male) |
| 2:15 | Create | Villager (Male) |
| 3:44 | Build | House |
Build order — dhhvifbsnv'njsvmjl
12 actions detected in the replay
| 0:17 | Research | Loom |
| 0:17 | Create | Villager (Male) |
| 0:17 | Create | Villager (Male) |
| 0:18 | Create | Villager (Male) |
| 0:18 | Create | Villager (Male) |
| 0:18 | Create | Villager (Male) |
| 0:18 | Create | Villager (Male) |
| 0:37 | Build | House |
| 0:59 | Build | Palisade Wall |
| 1:03 | Build | Building 804 |
| 1:15 | Build | Palisade Wall |
| 1:27 | Build | Building 804 |
Build order — barezzi
6 actions detected in the replay
| 0:03 | Research | Loom |
| 0:04 | Create | Villager (Male) |
| 0:05 | Create | Villager (Male) |
| 0:38 | Build | House |
| 0:40 | Build | House |
| 0:43 | Build | House |
Match timeline
| 0:56 | unknown · wall_segment Palisade Wall x15 |
| 0:59 | dhhvifbsnv'njsvmjl · wall_segment Palisade Wall x10 |
| 1:15 | dhhvifbsnv'njsvmjl · wall_segment Palisade Wall x9 |
| 1:29 | barezzi · resign |
| 1:43 | Sacalillo · wall_segment Palisade Wall x16 |
| 3:18 | unknown · wall_segment Palisade Wall x10 |
[ AI ANALYSIS · 1 CREDIT ]
What really happened in this match?
Wolo.gg analyzes every decision: build order, eco, micro, common mistakes by bracket. Personalized analysis on WhatsApp or Discord in 30 seconds.
Civ guide
Aztecs
Map guide
Black Forest
Perfil
delibando